 Dungeon Sprint DCSS version 0.21.0-24-g2553a33 (webtiles) character file.

452 letownia2 the Grappler (level 6, -4/59 HPs)
             Began as a Troll Wizard on Jan 19, 2018.
             Was an Initiate of Ru.
             Slain by Sonja
             ... wielding a +2 short sword of distortion
              (8 damage)
             ... in the Dungeon (Sprint I: "Red Sonja").
             The game lasted 00:01:57 (279 turns).

letownia2 the Grappler (Troll Wizard)                Turns: 279, Time: 00:01:57

Health: -4/59      AC:  5    Str: 16    XL:     6   Next: 75%
Magic:  3/11       EV:  9    Int: 16    God:    Ru [......]
Gold:   297        SH:  0    Dex:  8    Spells: 4/13 levels left

rFire    . . .     SeeInvis .     - Unarmed
rCold    . . .     Gourm    +   (no shield)
rNeg     . . .     Faith    .   a - +0 robe
rPois    .         Spirit   .   b - +0 hat
rElec    .         Reflect  .   (no cloak)
rCorr    .         Harm     .   (gloves unavailable)
MR       .....     NoTele   +   (boots unavailable)
Stlth    +.........             (no amulet)
HPRegen  0.59/turn              (no ring)
MPRegen  0.12/turn              (no ring)

@: lethally poisoned (-4 -> -5), very slightly contaminated, slowed, very slow
A: large, unfitting armour, claws 3, fast metabolism 3, gourmand, regeneration
1, shaggy fur 1, tough skin 2
a: Renounce Religion


You were in the Dungeon.
You worshipped Ru.
Ru was noncommittal.
You were very full.

You visited 1 branch You collected 297 gold pieces.

Inventory:

Armour
 a - a +0 robe (worn)
 b - a +0 hat (worn)
Wands
 k - a wand of digging (13)
 l - a wand of enslavement (4)
Scrolls
 j - a scroll of blinking
 m - a scroll of remove curse {unknown}
Potions
 e - a potion of curing
 f - a potion of heal wounds
 g - a potion of haste
 h - 2 potions of magic
 i - a potion of berserk rage
Books
 c - a book of Minor Magic

   Spells                             Type                      Level
   a - Magic Dart                     Conjuration                  1
   b - Blink                          Translocation                2
   c - Call Imp                       Summoning                    2
   d - Slow                           Hexes                        2
   e - Conjure Flame                  Conjuration/Fire             3
   f - Mephitic Cloud                 Conjuration/Poison/Air       3
Comestibles
 d - 2 rations
 n - 4 chunks of flesh


   Skills:
 + Level 2.4 Fighting
 - Level 1.5 Dodging
 - Level 1.0 Stealth
 + Level 8.7 Unarmed Combat
 - Level 4.0 Spellcasting
 - Level 4.5 Conjurations
   Level 0.6 Summonings
 - Level 2.5 Translocations
 - Level 2.9 Fire Magic
 - Level 2.2 Air Magic
 - Level 2.5 Poison Magic


You had 4 spell levels left.
You knew the following spells:

 Your Spells              Type           Power        Failure   Level  Hunger
a - Magic Dart            Conj           ###.         2%          1    None
b - Blink                 Tloc           N/A          9%          2    ##.....
c - Conjure Flame         Conj/Fire      ###.....     11%         3    ###....
e - Mephitic Cloud        Conj/Pois/Air  ##......     14%         3    ###....


Dungeon Overview and Level Annotations

Branches:
Dungeon (1/1)

Altars:
Cheibriados
Dithmenos
Elyvilon
Fedhas
Gozag
Hepliaklqana
Kikubaaqudgha
Nemelex Xobeh
Okawaru
Qazlal
Ru
Sif Muna
Trog
Uskayaw
Vehumet
Wu Jian
Yredelemnul
Zin
The Shining One

Shops:
D *

Annotations:
D Sonja


Innate Abilities, Weirdness & Mutations

You are too large for most types of armour.
You have claws for hands.
Your metabolism is lightning-fast.
You like to eat raw meat.
Your natural rate of healing is unusually fast.
You are covered in fur. (AC +1)
You have very tough skin. (AC +2)


Message History

Sonja is engulfed in noxious fumes.
Sonja appears confused.
Unknown command.
Unknown command.
You catch the helpless Sonja completely off-guard!
You scratch Sonja.
Sonja is severely wounded.
Sonja is engulfed in noxious fumes.
Sonja screams, "I'll kill you anyway!"
Unknown command.
Unknown command.
You scratch Sonja.
Sonja is almost dead.
Sonja is engulfed in noxious fumes. x2; Sonja appears confused.
Sonja hits you with an uncursed short sword of distortion.
* * * LOW HITPOINT WARNING * * *
You feel a strange sense of stasis.
Sonja hits you with an uncursed short sword of distortion.
* * * LOW HITPOINT WARNING * * *
Space warps horribly around you!
You die...

#..####..#...#.#
#..#__####..##.#
#.)#_____##'#_.+
#⌠⌠#_.∩...'.(._#
####_..__##_(#+#
#_____###'#
#########.##
+$.$+ #K@§#
##§## #+#


You could see Sonja (confused).

Vanquished Creatures
  Sigmund (D)
  A yak (D)
  An ogre (D)
  A jelly (D)
  Ijyb (D)
5 creatures vanquished.

Notes
Turn   | Place    | Note
-------+----------+-------------------------------------------
     0 | D        | letownia2 the Troll Wizard began the quest for the Orb.
     0 | D        | Reached XP level 1. HP: 16/16 MP: 2/2
     2 | D        | Noticed Ijyb
    20 | D        | Killed Ijyb
    20 | D        | Reached skill level 4 in Unarmed Combat
    20 | D        | Reached XP level 2. HP: 27/29 MP: 4/4
    29 | D        | Learned a level 2 spell: Blink
    30 | D        | Noticed an ogre
    44 | D        | Killed an ogre
    44 | D        | Reached skill level 6 in Unarmed Combat
    44 | D        | Reached XP level 3. HP: 25/36 MP: 5/5
    44 | D        | Reached XP level 4. HP: 31/44 MP: 6/6
    55 | D        | Learned a level 3 spell: Mephitic Cloud
    73 | D        | Noticed Sigmund
    86 | D        | Killed Sigmund
    86 | D        | Reached skill level 7 in Unarmed Combat
    86 | D        | Reached XP level 5. HP: 40/50 MP: 1/8
    86 | D        | Reached XP level 6. HP: 47/59 MP: 1/9
    91 | D        | Learned a level 3 spell: Conjure Flame
   142 | D        | Found an ornate altar of the Wu Jian Council.
   142 | D        | Found a deep blue altar of Sif Muna.
   144 | D        | Found a radiant altar of Vehumet.
   154 | D        | Reached skill level 1 in Fire Magic
   213 | D        | Found Zasaazar's Assorted Antiques.
   213 | D        | Found an ancient bone altar of Kikubaaqudgha.
   213 | D        | Found a hazy altar of Hepliaklqana.
   213 | D        | Found a stormy altar of Qazlal.
   213 | D        | Found a hide-covered altar of Uskayaw.
   213 | D        | Found a blossoming altar of Fedhas.
   213 | D        | Found a bloodstained altar of Trog.
   213 | D        | Found an iron altar of Okawaru.
   213 | D        | Found a basalt altar of Yredelemnul.
   213 | D        | Found a glowing golden altar of the Shining One.
   213 | D        | Found a snail-covered altar of Cheibriados.
   213 | D        | Found a sacrificial altar of Ru.
   213 | D        | Found a glowing silver altar of Zin.
   213 | D        | Found a shadowy altar of Dithmenos.
   213 | D        | Found a white marble altar of Elyvilon.
   213 | D        | Noticed a yak
   219 | D        | Killed a yak
   219 | D        | Reached skill level 8 in Unarmed Combat
   220 | D        | Found an opulent altar of Gozag.
   223 | D        | Found a sparkling altar of Nemelex Xobeh.
   229 | D        | Became a worshipper of Ru the Awakened
   267 | D        | Noticed Sonja
   279 | D        | Slain by Sonja

Skill      XL: |  1  2  3  4  5  6 |
---------------+-------------------+-----
Fighting       | 2 |  2.4
Unarmed Combat | 4 6 7 8 |  8.7
Conjurations   | 3 4 |  4.5
Translocations | 2 |  2.5
Air Magic      | 2 |  2.2
Poison Magic   | 2 |  2.5
Spellcasting   | 4 |  4.0
Fire Magic     | 2 |  2.9
Dodging        | |  1.5
Stealth        | |  1.0
Summonings     | |  0.6

Action                   |  1- 3 |  4- 6 || total
-------------------------+-------+-------++-------
Melee: Unarmed           |    23 |    24 ||    47
 Cast: Mephitic Cloud    |       |     3 ||     3
       Magic Dart        |       |     1 ||     1
       Conjure Flame     |       |     1 ||     1
       Blink             |       |     1 ||     1
 Stab: Confused          |       |     2 ||     2
  Eat: Chunk             |       |     7 ||     7
Armor: Robe              |     6 |     3 ||     9
Dodge: Dodged            |    10 |     8 ||    18
